 Dungeon Crawl Stone Soup version 0.17-a0-1447-g3d113ad (webtiles) character file.

39 Sirial the Chiller (level 3, -1/25 HPs)
             Began as a Demonspawn Ice Elementalist on June 29, 2015.
             Was a Follower of Qazlal.
             Slain by an adder (2 damage)
             ... on level 2 of the Dungeon.
             The game lasted 00:08:17 (1198 turns).

Sirial the Chiller (Demonspawn Ice Elementalist)    Turns: 1198, Time: 00:08:18

Health: -1/25      AC:  2    Str:  8    XL:     3   Next: 26%
Magic:  1/6        EV: 12    Int: 17    God:    Qazlal [*.....]
Gold:   129        SH:  1    Dex: 13    Spells: 1 memorised, 6 levels left

rFire  . . .     SeeInvis .     (no weapon)
rCold  . . .     Clarity  .     a - +0 robe
rNeg   . . .     SustAt   .     (no shield)
rPois  .         Gourm    .     (no helmet)
rElec  .         Spirit   .     (no cloak)
rCorr  .         Warding  .     (no gloves)
rMut   .         Stasis   .     (no boots)
MR     .....                    (no amulet)
Stlth  ++........               (no ring)
                                (no ring)

@: lethally poisoned (-1 -> -7), not resistant to hostile enchantments,
unstealthy
A: claws 1, hooves 1
a: Renounce Religion


You were on level 2 of the Dungeon.
You worshipped Qazlal.
Qazlal was aware of your devotion.
You were not hungry.

You visited 1 branch of the dungeon, and saw 2 of its levels.

You collected 129 gold pieces.

Inventory:

Missiles
 e - 5 javelins of returning (quivered)
 f - 11 arrows of frost
 k - 4 needles of confusion
Armour
 a - a +0 robe (worn)
Scrolls
 d - a scroll of noise {unknown}
 j - a scroll of magic mapping
 m - a scroll of blinking
Books
 b - a book of Frost

   Spells                             Type                      Level
   a - Freeze                         Ice                          1
   b - Throw Frost                    Conjuration/Ice              2
   c - Ozocubu's Armour               Charms/Ice                   3
   d - Throw Icicle                   Conjuration/Ice              4
   e - Summon Ice Beast               Ice/Summoning                4
   f - Condensation Shield            Ice                          4
Comestibles
 c - 4 bread rations
 h - a meat ration


   Skills:
 + Level 0.4 Fighting
 + Level 2.0 Dodging
 + Level 1.9 Stealth
 + Level 0.1 Unarmed Combat
 + Level 2.5 Spellcasting
   Level 1.0 Conjurations
 + Level 3.2 Ice Magic


You had 6 spell levels left.
You knew the following spells:

 Your Spells              Type           Power        Failure   Level  Hunger
a - Freeze                Ice            ##..         6%          1    #......


Dungeon Overview and Level Annotations

Branches:
Dungeon (2/15)

Altars:
Gozag
Qazlal
Yredelemnul


Innate Abilities, Weirdness & Mutations

You have sharp fingernails.
You have large cloven feet.


Message History

The adder is severely wounded.
You feel sick. The adder bites you.
* * * LOW HITPOINT WARNING * * *
You are more poisoned.
The adder poisons you!
You scratch the adder.
The adder is almost dead.
* * * LOW HITPOINT WARNING * * *
You feel sick. The adder barely misses you.
You barely miss the adder.
The adder is almost dead.
You closely miss the adder. Your kick misses the adder.
The adder is almost dead.
* * * LOW HITPOINT WARNING * * *
You feel sick. The adder barely misses you.
You aren't carrying any potions.
You barely miss the adder.
The adder is almost dead.
The adder bites you.
You die...

.....## ### #.# #..(## #..
... .. .....## #.# #.# .#
..#...# #.# #.# ..
†#_#..###.## #.# .#
..#.....[..# #.# .#
......###..#####.# .#
##...............####.####.#
#...##########.@Sr.........
##### ############.#


You could see an adder (bleeding) and a rat.

Vanquished Creatures
  An adder (D:2)
  2 worms (D:2)
  A giant gecko (D:2)
  3 goblins
  2 hobgoblins (D:2)
  2 jackals (D:2)
  A ball python (D:2)
  A bat (D:1)
  3 giant cockroaches
  2 giant newts
  A kobold (D:1)
  3 rats
  A spectral orc (D:2)
23 creatures vanquished.

Notes
Turn   | Place    | Note
--------------------------------------------------------------
     0 | D:1      | Sirial the Demonspawn Ice Elementalist began the quest for the Orb.
     0 | D:1      | Reached XP level 1. HP: 13/13 MP: 3/3
   769 | D:1      | Reached skill level 3 in Ice Magic
   791 | D:2      | Gained mutation: You have sharp fingernails. [demonic ancestry]
   791 | D:2      | Reached XP level 2. HP: 17/19 MP: 0/5
   802 | D:2      | Found a basalt altar of Yredelemnul.
  1067 | D:2      | Found an opulent altar of Gozag.
  1077 | D:2      | Gained mutation: You have large cloven feet. [demonic ancestry]
  1077 | D:2      | Reached XP level 3. HP: 22/24 MP: 0/6
  1137 | D:2      | Found a faded altar to an unknown god.
  1143 | D:2      | Became a worshipper of Qazlal Stormbringer
  1143 | D:2      | Acquired Qazlal's first power
  1197 | D:2      | HP: 1/25 [poisoned by an adder]
  1198 | D:2      | Slain by an adder

Vault maps used:
D:1:      lightli_arrival_flooded_house, st_stairs_4, corexii_corridor_pit,
          hangedman_decor_growths, grunt_decor_clamped
D:2:      yredelemnul_forgotten_temple_becter, ecumenical_altar_1,
          nicolae_gozag_cash_rules_everything_around_me

Action                   || total
-------------------------++-------
Melee: Unarmed           ||    37
 Cast: Freeze            ||    37
  Use: Scroll            ||     3
       Potion            ||     3
  Eat: Beef jerky        ||     1
